Map: Efflorescence LE

Players

Killerkueken

  • Race: Zerg Zerg
  • League: Platinum
  • Spawn Location: 12:00

Matzman

  • Race: Terran Terran
  • League: Silver
  • Spawn Location: 3:00

qqq - Winner!

  • Race: Zerg Zerg
  • Spawn Location: 9:00

Massa - Winner!

  • Race: Terran Terran
  • League: Platinum
  • Spawn Location: 6:00

VOD

Have the link to the VOD?

Description

Time

  • Played on: Oct. 3, 2020, 3:44 p.m.
  • Length: 32:10
Show
View Real Time Build Order
Export as new Build Order

Killerkueken Zerg 

Build Orders: Hatch First, Muta Ling Bane 

Get SALT Encoding   

  12  0:00  Drone  
  13  0:13  Overlord  
  13  0:18  Drone  
  14  0:31  Drone x2  
  16  0:36  Drone  
  17  0:46  Drone  
  18  1:03  Extractor  
  17  1:06  Hatchery  
  17  1:08  Drone  
  17  1:15  Drone  
  18  1:26  Spawning Pool  
  18  1:27  Drone  
  18  1:32  Drone  
  19  1:39  Overlord  
  19  1:55  Drone  
  21  2:01  Drone  
  21  2:13  Drone  
  21  2:14  Metabolic Boost  
  21  2:15  Queen  
  21  2:20  Queen  
  25  2:27  Drone  
  26  2:32  Drone  
  27  2:39  Drone  
  27  2:40  Drone  
  27  2:42  Drone  
  30  2:45  Drone  
  31  2:53  Drone  
  31  2:57  Overlord  
  32  3:05  Queen  
  34  3:09  Overlord  
  34  3:32  Zergling x16  
  34  3:33  Zergling x4  
  44  3:37  Baneling Nest  
  44  3:39  Queen  
  45  3:44  Spine Crawler  
  44  3:50  Zergling x6  
  47  4:04  Overlord x2  
  47  4:13  Zergling x8  
  47  4:14  Zergling x2  
  51  4:23  Zergling x4  
  45  4:38  Zergling x6  
  44  4:46  Spine Crawler  
  44  4:48  Zergling x4  
  45  4:57  Zergling x2  
  46  5:08  Zergling x4  
  48  5:23  Zergling x4  
  41  5:39  Zergling x10  
  41  5:40  Zergling x2  
  43  5:48  Zergling x2  
  43  5:49  Zergling x6  
  47  5:55  Drone x3  
  49  5:58  Drone x2  
  51  6:09  Extractor  
  51  6:10  Drone x2  
  51  6:11  Drone x2  
  54  6:13  Spore Crawler  
  54  6:14  Lair, Spore Crawler x2  
  54  6:16  Spore Crawler  
  50  6:36  Hatchery  
  49  6:42  Drone x8  
  49  6:43  Drone  
  58  6:47  Extractor  
  58  6:49  Extractor, Overlord  
  56  7:08  Burrow  
  56  7:15  Spire  
  55  7:18  Drone x3  
  58  7:29  Drone x7  
  67  7:30  Drone x2  
  67  7:40  Centrifical Hooks  
  67  7:48  Overlord  
  67  7:51  Drone x4  
  67  7:52  Drone  
  72  8:23  Drone x9  
  72  8:24  Drone x3  
  75  8:41  Mutalisk x4  
  75  8:42  Mutalisk x3  
  75  8:44  Zerg Flyer Armor Level 1  
  89  8:53  Extractor, Spore Crawler  
  87  8:56  Extractor, Spore Crawler  
  87  9:01  Overlord x2  
  85  9:05  Hatchery  
  85  9:08  Overlord x2  
  84  9:27  Mutalisk x7  
  84  9:28  Mutalisk x2  
  102  9:47  Drone x7, Overlord  
  102  9:51  Mutalisk x3  
  102  9:52  Mutalisk  
  117  9:56  Overlord  
  117  10:21  Drone  
  117  10:22  Drone x8  
  117  10:23  Overlord x4  
  126  10:31  Infestation Pit  
  121  10:51  Mutalisk x6  
  121  10:52  Mutalisk x3  
  129  11:16  Mutalisk x3  
  122  11:33  Drone x5  
  122  11:34  Drone x8  
  122  11:38  Mutalisk x3  
  122  11:39  Mutalisk  
  143  11:46  Drone x3  
  146  11:58  Hatchery  
  135  12:09  Mutalisk x5  
  139  12:28  Mutalisk x2  
  139  12:29  Mutalisk  
  143  12:40  Zerg Flyer Armor Level 2  
  136  12:59  Drone x5  
  136  13:00  Drone x9  
  136  13:01  Drone  
  143  13:13  Drone  
  143  13:14  Drone x3  
  143  13:15  Drone  
  148  13:26  Mutalisk  
  148  13:27  Mutalisk x4  
  156  14:04  Overlord x2  
  156  14:05  Overlord x2  
  152  14:24  Mutalisk  
  152  14:25  Mutalisk x9  
  152  14:26  Mutalisk  
  132  15:08  Mutalisk x2  
  132  15:09  Mutalisk x2  
  140  15:17  Pneumatized Carapace  
  140  15:18  Overseer x2  
  140  15:19  Overseer  
  140  15:23  Mutalisk, Zergling x6  
  140  15:24  Zergling x8  
  149  15:45  Hatchery  
  145  16:12  Spire  
  144  16:32  Extractor  
  143  16:35  Extractor  
  142  16:48  Zergling x18  
  142  16:51  Baneling x4  
  124  17:30  Drone x10  
  77  17:45  Hatchery, Zergling x12  
  82  18:07  Overseer  
  82  18:27  Zerg Flyer Weapons Level 1  
  82  18:29  Hydralisk Den  
  81  18:34  Baneling x5  
  81  18:35  Baneling x7  
  81  18:49  Zergling x4  
  81  18:50  Zergling x8  
  81  19:12  Baneling  
  81  19:13  Baneling x4  
  80  19:28  Drone x9  
  80  19:42  Hatchery  
  79  19:48  Lurker Den  
  78  20:03  Baneling x2  
  78  20:04  Baneling x4  
  78  20:13  Drone x2  
  78  20:14  Drone  
  74  20:48  Overlord  
  74  20:49  Hydralisk x5  
  84  20:54  Hive  
  84  21:02  Hatchery  
  83  21:28  Lurker  
  83  21:29  Lurker x4  
  87  21:34  Overseer  
  85  22:39  Adaptive Talons  
  85  22:40  Extractor  
  85  22:41  Hatchery  
  85  22:43  Greater Spire  
  72  23:36  Seismic Spines  
  72  23:41  Hydralisk x5  
  82  23:55  Hydralisk x3  
  80  23:56  Hydralisk x2  
  80  24:00  Drone x2  
  89  24:12  Hydralisk  
  89  24:13  Hydralisk x2  
  89  24:14  Lurker  
  89  24:16  Overlord  
  96  24:25  Overlord x3  
  96  24:32  Extractor  
  96  24:37  Lurker x2  
  96  24:38  Lurker  
  80  24:59  Lurker x4  
  83  25:26  Overseer x2  
  77  26:09  Lurker x3  
  70  26:35  Overseer  
  58  27:04  Hydralisk  
  58  27:05  Hydralisk x4  
  68  27:15  Drone x4  
  72  27:31  Lurker x2  
Show
View Real Time Build Order
Export as new Build Order

Matzman Terran 

Build Orders: Reaper Expand 

Get SALT Encoding   

  12  0:01  SCV  
  13  0:14  Supply Depot  
  13  0:18  SCV  
  14  0:30  SCV  
  15  0:36  Barracks  
  15  0:43  Refinery  
  15  0:47  SCV  
  16  0:59  SCV  
  17  1:12  SCV  
  18  1:27  Reaper  
  18  1:29  Orbital Command  
  19  1:43  Command Center  
  19  1:56  SCV  
  19  1:59  Reaper  
  21  2:08  SCV  
  21  2:09  Refinery  
  22  2:20  SCV, Barracks  
  23  2:27  Supply Depot  
  23  2:54  SCV  
  24  3:04  SCV  
  25  3:06  SCV  
  25  3:10  Factory, Supply Depot  
  26  3:16  SCV  
  26  3:18  SCV  
  27  3:52  SCV  
  27  3:53  SCV  
  27  3:54  Marine x2  
  30  3:56  Factory Tech Lab  
  30  4:05  SCV x2  
  32  4:12  Marine x2  
  32  4:17  SCV x2  
  35  4:20  Supply Depot  
  35  4:23  Siege Tank  
  39  4:25  Starport  
  39  4:29  SCV x2, Marine  
  39  4:30  Marine  
  43  4:34  Engineering Bay  
  43  4:46  SCV  
  43  4:47  SCV, Marine x2  
  47  4:55  Siege Tank  
  50  5:05  Marine x2  
  51  5:23  Marine x2  
  51  5:27  Medivac, Siege Tank  
  58  5:41  Marine x2  
  60  5:47  SCV  
  60  5:49  Orbital Command  
  61  5:58  Marine, Command Center  
  61  6:02  Starport Reactor  
  62  6:06  Supply Depot  
  62  6:08  Supply Depot  
  62  6:11  Refinery  
  62  6:13  Refinery  
  62  6:21  Barracks Tech Lab  
  62  6:24  Barracks Reactor  
  62  6:27  SCV, Siege Tank  
  66  6:33  SCV  
  66  6:39  SCV  
  68  6:45  SCV, Barracks, Factory  
  69  6:48  Engineering Bay  
  69  6:51  SCV, Supply Depot  
  70  6:55  Supply Depot  
  70  6:57  Supply Depot  
  70  6:58  SCV  
  70  6:59  Siege Tank, Supply Depot  
  74  7:01  Marine x3  
  74  7:04  SCV  
  78  7:09  Medivac  
  78  7:10  SCV  
  78  7:14  Combat Shield  
  81  7:16  SCV  
  81  7:22  SCV  
  83  7:25  Starport  
  83  7:28  SCV  
  84  7:31  Siege Tank  
  84  7:34  SCV  
  84  7:36  Armory  
  88  7:45  SCV  
  88  7:46  SCV  
  88  7:50  Planetary Fortress  
  90  7:57  SCV  
  92  7:58  SCV  
  92  8:09  SCV  
  92  8:10  SCV  
  94  8:13  Barracks Reactor, Factory  
  94  8:20  Starport Reactor  
  94  8:21  SCV  
  94  8:22  SCV  
  96  8:31  Refinery, SCV  
  96  8:33  Refinery, SCV, Missile Turret, Stimpack  
  98  8:34  SCV  
  98  8:39  Missile Turret  
  98  8:41  Missile Turret  
  99  8:43  SCV  
  99  8:45  SCV  
  99  8:46  SCV  
  102  8:57  Marine  
  102  8:58  Marine x4  
  107  9:03  Siege Tank  
  107  9:05  Factory Tech Lab  
  107  9:07  Factory Tech Lab  
  110  9:15  Marine x2  
  110  9:16  SCV x3, Marine  
  116  9:20  Marine x2  
  116  9:21  Medivac x2  
  122  9:28  SCV x2, Command Center  
  124  9:33  Marine  
  124  9:34  Armory  
  124  9:36  Terran Infantry Weapons Level 1  
  125  9:41  Supply Depot  
  125  9:45  Supply Depot  
  125  9:52  Supply Depot  
  125  9:53  Supply Depot  
  125  10:03  Viking x4  
  133  10:07  SCV x2, Marine x3, Siege Tank  
  133  10:14  SCV, Marine x2, Siege Tank  
  147  10:19  SCV x2  
  149  10:25  Marine  
  149  10:26  SCV  
  151  10:31  Marine  
  152  10:36  SCV  
  152  10:37  SCV  
  152  10:38  SCV, Viking  
  152  10:39  Marine x3  
  152  10:40  Viking x3  
  166  10:42  Marine  
  166  10:46  Siege Tank, Supply Depot  
  166  10:47  Supply Depot  
  166  10:48  Supply Depot  
  166  10:49  Marine  
  171  10:50  Supply Depot  
  171  10:57  Armory, Marine  
  171  10:59  Terran Vehicle Weapons Level 1  
  171  11:00  Terran Vehicle And Ship Armor Level 1  
  171  11:03  Terran Infantry Armor Level 1  
  172  11:07  Marine  
  176  11:18  Siege Tank  
  149  13:09  Marine  
  149  13:10  Marine x4, Command Center  
  149  13:11  Command Center  
  149  13:12  Siege Tank x3  
  163  13:14  Viking x4  
  171  13:25  SCV x2  
  171  13:27  Terran Infantry Armor Level 2, Terran Infantry Weapons Level 2, Marine  
  173  13:28  Terran Vehicle And Ship Armor Level 2, Terran Vehicle Weapons Level 2  
  174  13:35  Terran Ship Weapons Level 1  
  174  13:48  Supply Depot  
  174  13:52  Supply Depot  
  174  14:09  SCV x2, Marine x3, Siege Tank  
  182  14:14  Marine x2, Viking, Siege Tank  
  189  14:22  Liberator x3  
  198  14:27  Marine, Supply Depot  
  198  14:29  Planetary Fortress, Supply Depot  
  199  14:31  Marine  
  200  14:39  Refinery  
  198  15:22  Planetary Fortress  
  198  15:57  Refinery  
  198  15:58  Refinery  
  198  16:02  Command Center  
  198  16:32  Terran Infantry Weapons Level 3, Terran Infantry Armor Level 3  
  198  16:33  Terran Vehicle And Ship Armor Level 3, Terran Vehicle Weapons Level 3, Terran Ship Weapons Level 2  
  198  16:55  Siege Tank  
  160  17:24  Marine x3  
  160  17:25  Marine x2  
  160  17:27  Siege Tank x3  
  174  17:42  Marine x4  
  174  17:43  Marine  
  179  17:59  Siege Tank x3  
  179  18:00  Marine x5  
  179  18:03  Medivac x2  
  179  18:04  Medivac  
  199  18:09  Refinery  
  199  18:18  Marine  
  199  18:19  Refinery  
  200  18:22  Refinery  
  166  19:19  Marine x4  
  166  19:20  Marine  
  166  19:23  Planetary Fortress  
  171  19:37  Marine x5  
  162  19:55  Marine  
  162  19:57  Marine x4  
  170  20:00  Siege Tank x3  
  170  20:01  Medivac x4  
  184  20:13  Marine  
  182  20:15  Marine x4  
  186  20:30  Marine  
  186  20:31  Medivac  
  186  20:32  Marine, Siege Tank x3  
  186  20:33  Marine  
  200  21:01  Command Center  
  191  22:12  Liberator x3  
  200  22:25  Refinery  
  200  22:31  Refinery  
  200  22:34  Refinery  
  200  23:22  Terran Ship Weapons Level 3  
  184  24:46  Liberator x4  
  196  25:29  Viking x2  
  40  27:23  Marine x5  
  40  27:26  Siege Tank x2  
  40  27:27  Siege Tank  
  40  27:28  Medivac x2  
  40  27:29  Medivac x2  
  60  27:41  Marine x5  
  65  27:58  Marine, Medivac x2, Siege Tank  
  65  27:59  Marine x4, Siege Tank x2  
  83  28:16  Marine x2  
  83  28:17  Marine x3  
  88  28:21  Medivac x2  
  92  28:28  Medivac x2  
  92  28:30  Siege Tank  
  92  28:31  Siege Tank x2  
  99  28:34  Marine x4  
  99  28:35  Marine  
  100  28:52  Marine x5  
  100  29:03  Cyclone, Siege Tank x2  
  109  29:10  Marine x5  
  114  29:27  Marine, Liberator  
  114  29:28  Marine x4, Liberator  
  125  29:35  Cyclone x3  
  111  29:45  Marine x2  
  111  29:46  Marine x3  
  109  30:03  Marine x4  
  109  30:04  Marine  
  114  30:07  Siege Tank x3  
  123  30:21  Marine x5  
  128  30:39  Marine x5, Siege Tank  
  103  30:57  Marine x2  
Show
View Real Time Build Order
Export as new Build Order

qqq Zerg - Winner!

Build Orders: Hatch First 

Get SALT Encoding   

  12  0:02  Drone  
  13  0:16  Drone  
  14  0:38  Hatchery  
  13  0:44  Overlord  
  13  0:52  Drone  
  14  1:07  Spawning Pool  
  13  1:13  Drone  
  13  1:18  Drone  
  15  1:30  Extractor, Drone x2  
  16  1:37  Drone  
  17  1:47  Drone  
  18  1:57  Drone  
  18  1:59  Drone  
  18  2:00  Queen  
  22  2:07  Drone  
  23  2:09  Drone  
  24  2:21  Zergling x2  
  24  2:22  Drone  
  26  2:26  Queen  
  28  2:32  Metabolic Boost  
  28  2:53  Overlord x2  
  28  3:05  Overlord  
  26  3:37  Drone, Zergling x6  
  26  3:38  Drone x2  
  32  3:52  Zergling x2  
  33  3:56  Lair  
  33  3:57  Baneling Nest  
  33  4:02  Hatchery  
  31  4:15  Zergling x10  
  31  4:16  Zergling x6  
  36  4:27  Zergling x2  
  25  4:33  Zergling x2  
  18  4:43  Drone x4  
  22  4:46  Drone  
  22  4:49  Baneling x2  
  22  4:52  Baneling  
  20  5:27  Zergling x6  
  20  5:28  Drone x3  
  22  5:35  Queen  
  24  5:42  Zergling x2  
  25  5:44  Zergling x2  
  25  5:49  Baneling x4  
  26  5:50  Baneling x2  
  26  5:55  Zergling x2  
  27  5:57  Zergling x2  
  27  6:02  Queen  
  30  6:07  Drone  
  30  6:08  Drone  
  32  6:21  Drone  
  32  6:22  Drone x3  
  36  6:27  Drone  
  36  6:41  Drone  
  36  6:43  Drone x3  
  40  6:51  Drone  
  41  7:00  Spine Crawler  
  40  7:16  Drone x3  
  40  7:17  Overlord  
  40  7:18  Overlord x4  
  43  7:40  Roach Warren  
  43  7:42  Zergling x8  
  43  7:43  Zergling x2  
  47  7:44  Drone x2  
  49  8:04  Overlord x2  
  49  8:05  Drone  
  49  8:06  Drone  
  49  8:07  Hatchery  
  50  8:22  Roach x6  
  60  8:41  Baneling  
  60  8:42  Baneling x2  
  60  8:44  Roach x4  
  60  8:45  Roach x3  
  74  9:03  Roach  
  74  9:04  Roach x4  
  74  9:06  Glial Reconstitution  
  84  9:11  Drone x2  
  84  9:12  Drone  
  87  9:39  Drone x2  
  87  9:44  Hatchery, Roach  
  87  9:45  Roach x2  
  94  9:47  Drone  
  95  9:55  Extractor, Drone  
  95  9:56  Drone x4, Hydralisk Den  
  95  9:59  Extractor  
  97  10:01  Extractor, Overlord x3  
  97  10:02  Overlord  
  96  10:15  Drone x2  
  97  10:31  Spore Crawler  
  97  10:32  Spore Crawler  
  97  10:35  Spore Crawler  
  94  10:36  Spore Crawler  
  94  10:37  Spore Crawler  
  94  10:39  Spore Crawler  
  94  10:40  Spore Crawler x2  
  88  10:42  Spore Crawler  
  88  10:46  Spore Crawler  
  81  11:01  Drone  
  82  11:15  Hydralisk x2  
  82  11:16  Hydralisk x2  
  82  11:17  Zergling x2  
  82  11:18  Zergling x30  
  75  11:41  Drone x3  
  75  11:42  Roach x2  
  80  11:49  Hatchery  
  79  11:55  Muscular Augments  
  79  12:00  Drone  
  79  12:01  Drone x4  
  83  12:02  Drone  
  83  12:03  Spore Crawler  
  84  12:12  Hydralisk  
  77  12:31  Drone x3  
  77  12:32  Spore Crawler  
  77  12:33  Spore Crawler  
  77  12:34  Spore Crawler  
  77  12:50  Hydralisk x2  
  77  12:51  Hydralisk x2  
  74  12:58  Hydralisk  
  74  12:59  Hydralisk  
  74  13:01  Drone x2  
  64  13:12  Drone  
  57  13:13  Drone x2  
  57  13:14  Hydralisk x2  
  57  13:19  Grooved Spines  
  63  13:26  Spore Crawler  
  60  13:29  Spore Crawler  
  59  13:45  Hydralisk x5  
  69  14:03  Drone x4  
  69  14:04  Drone x2, Hydralisk  
  69  14:09  Hydralisk  
  79  14:19  Hydralisk x2  
  79  14:21  Drone  
  79  14:22  Drone  
  85  14:32  Hydralisk  
  85  14:33  Hydralisk x2  
  91  14:39  Drone x2  
  91  14:40  Drone x2, Hydralisk  
  71  15:14  Hydralisk x2  
  71  15:15  Hydralisk x5  
  71  15:16  Roach x2  
  71  15:17  Drone, Roach x3  
  71  15:18  Drone, Hydralisk  
  71  15:20  Roach  
  97  15:30  Drone x2  
  97  15:31  Drone x2  
  101  15:37  Hydralisk  
  103  15:44  Evolution Chamber  
  103  15:45  Hatchery, Evolution Chamber  
  100  15:52  Hydralisk  
  100  15:53  Hydralisk x3  
  100  15:54  Drone x2  
  100  15:56  Drone  
  111  16:04  Drone x3  
  114  16:23  Queen  
  116  16:27  Drone  
  117  16:36  Zerg Melee Weapons Level 1  
  117  16:37  Zerg Missile Weapons Level 1, Lurker Den  
  116  16:41  Zergling x14  
  116  16:42  Zergling x6  
  126  16:52  Hydralisk  
  122  17:18  Hydralisk x6  
  122  17:21  Overlord x4  
  122  17:22  Overlord x3  
  134  17:39  Overlord x2  
  134  17:40  Drone x4  
  134  17:41  Drone  
  139  17:51  Drone  
  139  17:52  Drone x2  
  142  18:00  Drone x2  
  142  18:01  Drone  
  142  18:04  Extractor  
  142  18:05  Extractor  
  143  18:06  Spore Crawler  
  143  18:07  Drone  
  143  18:08  Spore Crawler  
  143  18:10  Lurker x3  
  145  18:19  Infestation Pit  
  144  18:23  Zergling x2  
  144  18:24  Zergling x14  
  144  18:25  Drone x3  
  155  18:31  Zerg Ground Armor Level 1  
  154  18:49  Hydralisk  
  154  18:50  Hydralisk x4  
  154  18:51  Zergling x4  
  114  19:08  Hydralisk x2  
  114  19:09  Hydralisk x4  
  124  19:10  Hydralisk x2  
  124  19:16  Hydralisk  
  128  19:18  Queen  
  128  19:27  Extractor  
  128  19:28  Extractor  
  123  19:38  Hydralisk x3, Zergling x8  
  124  19:41  Drone x3  
  133  19:46  Spore Crawler  
  133  19:48  Drone, Spine Crawler  
  132  20:03  Hive  
  132  20:05  Hydralisk x4  
  132  20:06  Hydralisk x3  
  144  20:07  Zergling x8  
  144  20:08  Drone x2  
  138  20:29  Hydralisk  
  138  20:30  Hydralisk x7  
  148  20:43  Overlord x2  
  148  20:44  Overlord x2  
  148  20:50  Lurker x3  
  148  20:51  Lurker  
  148  20:55  Drone x2  
  148  20:56  Drone  
  155  21:02  Hydralisk x2  
  155  21:03  Hydralisk  
  161  21:04  Zergling x6  
  161  21:05  Zergling x4  
  161  21:10  Hydralisk  
  168  21:13  Hatchery  
  105  21:28  Hydralisk  
  105  21:29  Hydralisk x7  
  105  21:31  Drone x3  
  116  21:38  Seismic Spines  
  116  21:46  Ultralisk Cavern  
  115  21:49  Zerg Missile Weapons Level 2  
  115  21:52  Hydralisk x2  
  115  21:54  Zergling x12  
  119  21:57  Extractor x2  
  120  22:15  Hydralisk x4  
  116  22:18  Overseer  
  116  22:19  Pneumatized Carapace  
  122  22:25  Lurker  
  122  22:26  Lurker  
  115  22:36  Hydralisk x3  
  115  22:37  Hydralisk x4  
  117  22:39  Hydralisk  
  130  23:21  Lurker x2  
  130  23:22  Lurker  
  133  23:36  Overseer  
  133  23:53  Hydralisk x4  
  133  23:54  Hydralisk x8  
  148  24:10  Hydralisk x4  
  156  24:20  Overlord  
  156  24:23  Overseer x3  
  156  24:33  Anabolic Synthesis  
  156  24:36  Zerg Missile Weapons Level 3  
  156  24:37  Zerg Melee Weapons Level 2  
  155  24:54  Hydralisk  
  155  24:55  Hydralisk x2, Zergling x2  
  155  24:56  Zergling x8  
  156  25:15  Chitinous Plating  
  156  25:16  Drone x3  
  159  25:40  Hatchery  
  159  25:42  Ultralisk x7  
  200  25:43  Ultralisk  
  200  25:47  Hatchery  
  199  26:00  Zergling x2  
  178  26:50  Hydralisk x3  
  178  26:52  Ultralisk x2  
  178  26:53  Drone x3  
  176  27:13  Zerg Ground Armor Level 2  
  131  27:20  Hydralisk x3  
  131  27:21  Hydralisk x8  
  131  27:22  Hydralisk  
  153  27:30  Drone x3  
  134  28:05  Hydralisk x5, Ultralisk x2  
  142  28:06  Hydralisk x5  
  142  28:09  Hatchery  
  155  28:19  Hydralisk x2  
  155  28:20  Hydralisk x2  
  155  28:21  Drone x3  
  155  28:22  Drone  
  139  28:43  Hydralisk  
  139  28:45  Ultralisk  
  139  28:46  Ultralisk  
  139  28:47  Zergling x2  
  144  28:57  Ultralisk  
  150  29:04  Zerg Melee Weapons Level 3  
  150  29:29  Hatchery  
  98  29:43  Ultralisk x3  
  98  29:44  Hydralisk x2  
  118  29:46  Drone x2  
  118  29:49  Viper  
  118  29:52  Viper  
  126  29:56  Hydralisk  
  128  30:12  Spore Crawler  
  128  30:13  Spine Crawler x2  
  125  30:22  Spine Crawler  
  125  30:28  Hydralisk x2  
  124  30:29  Ultralisk  
  124  30:31  Roach x2  
  124  30:32  Roach x2  
  124  30:33  Hydralisk  
  144  30:48  Hydralisk x6  
  156  31:10  Hydralisk x3  
  163  31:11  Zergling x6  
  163  31:12  Ultralisk x2  
  177  31:31  Viper x2  
Show
View Real Time Build Order
Export as new Build Order

Massa Terran - Winner!

Build Orders: Reaper Expand 

Get SALT Encoding   

  12  0:00  SCV  
  13  0:12  SCV  
  14  0:19  Supply Depot  
  14  0:24  SCV  
  15  0:41  SCV, Barracks  
  16  0:51  Refinery  
  16  0:53  SCV  
  17  1:05  SCV  
  18  1:17  SCV  
  19  1:31  Orbital Command  
  19  1:35  Reaper  
  20  1:44  Command Center  
  20  1:57  SCV  
  21  2:03  Supply Depot  
  21  2:07  Marine  
  22  2:10  SCV  
  22  2:15  Factory  
  23  2:25  SCV  
  23  2:28  Barracks Tech Lab  
  24  2:51  SCV  
  25  2:52  Command Center  
  25  3:01  Refinery  
  25  3:03  SCV  
  26  3:08  Siege Tank  
  26  3:09  Marine  
  30  3:16  Orbital Command  
  30  3:43  Marine  
  31  3:58  Siege Tank  
  31  4:00  Marine  
  35  4:05  Barracks  
  35  4:06  Barracks  
  35  4:07  Barracks  
  34  4:10  Engineering Bay  
  33  4:21  Marine  
  34  4:39  Marine  
  34  4:41  Widow Mine  
  37  4:57  Marine  
  37  4:58  Barracks Tech Lab  
  37  4:59  Barracks Reactor  
  38  5:00  Orbital Command  
  38  5:03  Widow Mine, SCV x2  
  42  5:14  Marine  
  42  5:15  SCV x2  
  42  5:21  Marauder, Marine  
  48  5:27  SCV  
  45  5:32  Marine  
  42  5:37  Marine x2  
  42  5:38  Marine  
  42  5:42  Marauder  
  45  5:50  Marine  
  45  5:54  Marine  
  45  5:55  Marine  
  45  5:56  Marine  
  49  6:04  Marauder  
  51  6:08  Marine  
  51  6:09  Starport  
  52  6:12  Terran Infantry Armor Level 1, Marine x2  
  55  6:20  Missile Turret  
  55  6:25  Barracks Reactor, Marauder  
  56  6:26  Marine, Stimpack  
  56  6:30  Missile Turret  
  57  6:40  Missile Turret  
  57  6:42  Marine x2  
  57  6:43  Marine  
  60  6:51  Missile Turret  
  60  6:57  SCV  
  60  6:58  Supply Depot x2  
  60  6:59  Supply Depot x2  
  60  7:01  Missile Turret  
  61  7:19  Marine x2, Medivac, Supply Depot  
  61  7:20  Marauder  
  61  7:21  Siege Tank  
  70  7:27  SCV x3  
  73  7:39  SCV x3  
  73  7:41  Marauder, Engineering Bay  
  78  7:46  Refinery  
  78  7:48  Refinery  
  78  7:51  SCV x3  
  79  7:55  Medivac  
  79  7:57  Command Center  
  83  8:02  Marauder  
  85  8:07  Terran Infantry Weapons Level 1  
  85  8:25  Supply Depot  
  85  8:27  Supply Depot  
  85  8:29  Supply Depot  
  85  8:32  Sensor Tower  
  85  8:42  Viking  
  85  8:45  Siege Tank  
  90  8:49  Combat Shield  
  90  8:54  Supply Depot  
  90  8:55  Supply Depot  
  90  8:57  Supply Depot  
  90  9:03  Barracks Tech Lab  
  90  9:08  Armory  
  90  9:12  Viking  
  92  9:18  SCV x2  
  92  9:19  SCV, Supply Depot  
  95  9:30  SCV  
  95  9:31  SCV x2  
  98  9:34  Marauder x2  
  102  9:38  Missile Turret  
  102  9:43  SCV x3  
  105  9:52  Planetary Fortress  
  105  9:54  Sensor Tower  
  105  9:55  SCV x2  
  105  9:57  SCV  
  108  10:00  Missile Turret  
  108  10:06  Liberator  
  111  10:07  SCV x2, Concussive Shells  
  111  10:09  SCV  
  114  10:16  Starport  
  114  10:22  Missile Turret  
  114  10:24  Refinery  
  114  10:28  Refinery  
  114  10:37  Missile Turret x2  
  114  10:41  Missile Turret  
  112  10:43  Missile Turret  
  112  10:49  Liberator  
  115  10:57  Missile Turret  
  115  10:59  Missile Turret  
  115  11:04  Missile Turret  
  108  11:33  Marine x2  
  108  11:34  Marine x4  
  114  11:47  Terran Infantry Armor Level 2  
  114  11:51  Marine x6  
  111  12:09  Marine x6  
  111  12:15  Factory Tech Lab  
  114  12:26  Marine  
  114  12:27  Marine  
  113  12:30  Viking  
  113  12:31  Orbital Command  
  110  12:46  Missile Turret  
  110  12:53  Neosteel Armor  
  106  13:01  Starport Reactor  
  106  13:04  Barracks Tech Lab  
  106  13:17  Missile Turret  
  106  13:19  Missile Turret  
  106  13:27  Starport Tech Lab  
  106  13:33  Siege Tank  
  109  13:35  Marauder x2, Marine x4  
  109  13:39  Missile Turret  
  117  13:42  Missile Turret  
  117  13:53  Marine x4  
  119  13:56  Marauder x2  
  121  14:05  Siege Tank  
  122  14:10  Marine  
  122  14:11  Marine x3  
  121  14:18  Marauder x2  
  125  14:26  SCV  
  125  14:27  SCV x2  
  128  14:39  Marauder  
  128  14:45  Marine x2  
  129  14:46  Marine x2  
  129  14:51  Barracks  
  131  14:57  Missile Turret  
  131  14:59  Missile Turret  
  131  15:01  Marauder  
  131  15:03  Marine x4  
  138  15:07  SCV x3  
  140  15:19  SCV x2, Missile Turret x2  
  140  15:20  Marine  
  140  15:21  Marine  
  144  15:22  Marauder  
  144  15:25  Command Center  
  146  15:34  Engineering Bay  
  146  15:38  Barracks Tech Lab  
  146  15:41  Barracks  
  146  15:43  Marauder  
  146  15:45  Barracks Reactor  
  146  15:46  Missile Turret  
  146  15:48  Armory  
  148  15:53  Armory  
  148  16:03  Marine  
  149  16:07  Cloaking Field  
  149  16:16  Supply Depot  
  149  16:18  Supply Depot  
  149  16:36  Marine x2  
  149  16:37  Marauder x2, Siege Tank  
  158  16:40  Supply Depot  
  158  16:45  Supply Depot  
  157  16:58  Marauder  
  128  17:07  Supply Depot  
  119  17:09  Supply Depot, Siege Tank  
  119  17:14  Marauder, Marine x3  
  119  17:15  Marine x3  
  110  17:20  Marauder  
  112  17:31  Planetary Fortress  
  112  17:32  Marine x6  
  112  17:34  SCV  
  112  17:35  SCV x2, Marauder  
  112  17:37  Supply Depot  
  123  17:40  Supply Depot  
  123  17:41  Marauder  
  125  17:46  SCV  
  125  17:47  SCV x2  
  125  17:50  Marine x6  
  124  17:56  Marauder  
  117  17:58  SCV  
  117  17:59  SCV x2  
  117  18:02  Command Center  
  117  18:03  Marauder  
  117  18:04  Supply Depot  
  117  18:05  Viking x3, Supply Depot  
  126  18:07  Marine  
  126  18:08  Marine x5  
  126  18:10  SCV  
  126  18:11  SCV x2  
  137  18:18  Marauder, Missile Turret  
  139  18:20  Missile Turret  
  139  18:22  SCV  
  139  18:23  SCV x2  
  139  18:24  Marauder  
  142  18:32  Marine  
  143  18:35  Viking x3  
  143  18:38  Thor  
  143  18:39  Marauder  
  143  18:40  Missile Turret  
  157  18:42  Missile Turret  
  157  18:45  Marauder  
  159  19:00  Marauder  
  161  19:03  Missile Turret  
  161  19:05  Viking x3, Missile Turret  
  108  19:20  Thor  
  108  19:23  Marauder  
  108  19:24  Marauder, Marine x6  
  124  19:35  Viking x2  
  128  19:41  Marine  
  128  19:45  Marauder x2  
  118  20:04  Barracks Tech Lab  
  118  20:06  Marauder x2  
  122  20:07  Siege Tank  
  125  20:18  Barracks Tech Lab  
  125  20:20  SCV x4  
  129  20:27  Marauder  
  129  20:28  Marauder  
  133  20:31  Sensor Tower  
  133  20:32  SCV x4  
  133  20:35  Sensor Tower  
  137  20:39  Siege Tank  
  140  20:44  SCV  
  140  20:45  SCV x3  
  140  20:49  Marauder x2  
  148  20:56  SCV  
  149  21:06  Planetary Fortress  
  149  21:09  Marauder x2, Marine  
  149  21:10  Marauder, Marine  
  149  21:11  Marauder  
  159  21:29  Siege Tank  
  159  21:30  Marauder  
  159  21:31  Marauder x2  
  159  21:32  Marauder  
  170  21:34  Viking x3  
  170  21:38  Marine  
  177  21:52  Marauder x2  
  181  21:56  Refinery  
  181  21:57  Refinery  
  181  22:01  Siege Tank  
  184  22:10  Marauder, Marine x4  
  184  22:11  Marauder  
  184  22:12  Marine  
  184  22:13  Terran Infantry Weapons Level 2  
  184  22:14  Marauder, Terran Infantry Armor Level 3  
  195  22:26  Refinery  
  195  22:27  Marine  
  195  22:28  Refinery  
  196  22:45  Raven  
  196  22:48  Ghost Academy x2  
  198  23:05  Medivac  
  200  23:21  Corvid Reactor  
  200  23:32  Terran Vehicle Weapons Level 1  
  200  23:33  Terran Vehicle And Ship Armor Level 1  
  200  23:37  Personal Cloaking  
  200  23:38  Nuke  
  200  23:50  Ghost Academy  
  195  24:29  Hi-Sec Auto Tracking  
  186  25:03  Nuke  
  131  27:02  Marine x8  
  136  27:19  Marine  
  136  27:20  Marine x4  
  136  27:21  Marauder x3  
  136  27:33  Viking  
  136  27:34  Viking x2  
  142  27:37  Marine  
  142  27:38  Marine x3  
  142  27:39  Marauder  
  142  27:42  Marauder, Marine x2  
  150  27:45  Command Center, Thor  
  144  27:54  Command Center  
  144  27:55  Marine  
  144  27:56  Marine x3  
  143  28:03  Viking  
  143  28:04  Viking x2  
  117  28:34  Command Center, Viking  
  112  29:01  Medivac  
  112  29:02  Medivac  
  116  29:04  Viking  
  116  29:07  Orbital Command  
  116  29:09  SCV  
  120  29:10  SCV x4  
  123  29:21  SCV  
  123  29:22  Terran Vehicle And Ship Armor Level 2, SCV x2  
  114  29:31  Medivac x2  
  114  29:34  Viking  
  101  29:43  Marauder  
  101  29:44  Marauder x3, Marine x4  
  84  29:53  Factory Tech Lab  
  75  30:01  Orbital Command, Marine  
  75  30:02  Marine x3  
  75  30:05  Marauder x4  
  81  30:07  SCV  
  81  30:08  SCV x4  
  86  30:19  SCV, Marine  
  86  30:20  SCV x4, Marine x3  
  95  30:26  Marauder x3  
  95  30:27  Marauder  
  98  30:31  SCV  
  98  30:37  Marine x3  
  98  30:38  Marine  
  98  30:39  Orbital Command  
  99  30:47  Marauder, Marine x2  
  99  30:48  Marauder  
  105  30:55  Marine x2  
  107  31:05  Marine x2  
  107  31:09  Marauder x2  
  77  31:27  Marauder  
  77  31:28  Marauder, Marine x4  
  77  31:30  Marauder  
  77  31:31  Marauder  
  103  31:46  Marine x4  
  105  31:49  Marauder  
Tags
 
Add a new tag
Caveats
  • Supply blocks, unpowered buildings, or Contaminate may cause inaccurate times.
  • Supply counts are checked every 10 seconds.